 Dungeon Crawl Stone Soup version 0.26-a0-651-gb41185065b (webtiles) character file.

Game seed: 3140809072393660071

31938 Lugonue the Geomancer (level 13, -13/95 HPs)
             Began as a Demigod Earth Elementalist on Oct 9, 2020.
             Killed from afar by Louise (43 damage)
             ... with a bolt of lightning
             ... on level 14 of the Dungeon.
             The game lasted 00:46:08 (18782 turns).

Lugonue the Geomancer (Demigod Earth Elementalist) Turns: 18782, Time: 00:46:08

Health: -13/95     AC: 15    Str:  7    XL:     13   Next: 1%
Magic:  3/31       EV:  9    Int: 36    God:
Gold:   127        SH:  5    Dex: 16    Spells: 16/31 levels left

rFire    . . .     SeeInvis .   t - staff of conjuration
rCold    + . .     Faith    .   o - +0 buckler
rNeg     . . .     Spirit   .   c - +1 scale mail "Ibbar" {rC+ MR+++ rCorr Str-4} (curse)
rPois    .         Reflect  .   C - +0 helmet
rElec    .         Harm     .   (no cloak)
rCorr    +         Rampage  .   r - +0 pair of gloves
MR       ++++.                  l - +2 pair of boots "Kenat" {Int+3}
Stlth    ++........             H - amulet of magic regeneration
HPRegen  0.25/turn              P - +6 ring of intelligence
MPRegen  0.47/turn              i - +4 ring of slaying

@: very slightly contaminated
A: high mp 1
a: no special abilities


You were on level 14 of the Dungeon.
You visited 1 branch of the dungeon, and saw 14 of its levels.

You collected 858 gold pieces.
You spent 731 gold pieces at shops.

Inventory:

Hand Weapons
 h - a +1 dagger
Missiles
 b - 338 stones
 m - 35 poisoned darts (quivered)
 K - 2 silver javelins
Armour
 c - the cursed +1 scale mail "Ibbar" (worn) {rC+ MR+++ rCorr Str-4}
   (You bought it in a shop on level 12 of the Dungeon)

   It affects your strength (-4).
   It protects you from cold.
   It affects your resistance to hostile enchantments.
   It provides partial protection from all sources of acid and corrosion.
   It has a curse placed upon it.
 l - the +2 pair of boots "Kenat" (worn) {Int+3}
   (You bought it in a shop on level 9 of the Dungeon)

   It affects your intelligence (+3).
 n - the +5 leather armour of Iny Heoz {Rampage rF- Regen+}
   (You found it on level 8 of the Dungeon)

   It makes you vulnerable to fire.
   It increases your rate of regeneration.
   It bestows one free step when moving towards enemies.
 o - a +0 buckler (worn)
 r - a +0 pair of gloves (worn)
 s - a +2 scale mail of cold resistance
 C - a +0 helmet (worn)
Magical Staves
 t - an uncursed staff of conjuration (weapon)
Jewellery
 e - an uncursed ring of protection from fire
 i - a +4 ring of slaying (right hand)
 y - an uncursed ring of protection from magic
 H - an amulet of magic regeneration (around neck)
 P - a +6 ring of intelligence (left hand)
Wands
 x - a wand of random effects (24)
 D - a wand of paralysis (8)
 J - a wand of flame (26)
 L - a wand of digging (13)
 M - a wand of polymorph (5)
Scrolls
 j - 2 scrolls of fear
 k - 4 scrolls of teleportation
 u - 2 scrolls of enchant armour
 w - 2 scrolls of amnesia
 z - 7 scrolls of remove curse
 G - 2 scrolls of blinking
 I - 3 scrolls of magic mapping
 N - a scroll of fog
Potions
 a - 2 potions of haste
 d - 3 potions of flight
 f - 2 potions of cancellation
 g - 4 potions of stabbing
 p - a potion of resistance
 q - 2 potions of curing
 v - a potion of brilliance {unknown}
 B - a potion of heal wounds
 E - 3 potions of degeneration {unknown}
 F - 2 potions of berserk rage {unknown}
 O - a potion of mutation {unknown}


   Skills:
 - Level 3.5 Fighting
 - Level 6.6 Staves
 - Level 3.0 Throwing
 + Level 9.0 Armour
 - Level 5.1 Dodging
 - Level 6.2 Stealth
 - Level 3.1 Shields
 - Level 9.8 Spellcasting
 - Level 4.3 Conjurations
 - Level 2.9 Transmutations
 - Level 9.9 Earth Magic
 - Level 1.5 Evocations


You had 16 spell levels left.
You knew the following spells:

 Your Spells              Type           Power        Failure   Level
a - Stone Arrow           Conj/Erth      ######       3%          3
b - Passwall              Tmut/Erth      ######..     2%          2
c - Sandblast             Erth           ######       1%          1
d - Petrify               Tmut/Erth      ######..     14%         4
e - Lee's Rapid Deconstr  Erth           ######....   10%         5

Your spell library contained the following spells:

 Spells                   Type           Power        Failure   Level


Dungeon Overview and Level Annotations

Branches:
Dungeon (14/15)            Temple (0/1) D:5            Lair (0/6) D:9
    Orc (0/2) D:9
 Vaults: D:13-14

Shops:
D:9 [   D:12 [

Annotations:
D:14 Louise


Innate Abilities, Weirdness & Mutations

You have an increased reservoir of magic. (+10% MP)


Message History

Press: ? - help, Dir - move target cursor A rock wall.
The wall shatters!
The blast of rock fragments hits Louise!
Louise is severely wounded.
The blast of rock fragments hits the orc priest!!
You kill the orc priest!
You hear a shout!
Louise points at you and mumbles some strange words.
The bolt of lightning hits you!!
Unknown command.
Evoke which item? (* to show all) (? for menu, Esc to quit)
Okay, then.
Unknown command.
As you read the scroll of fear, it crumbles to dust.
You assume a fearsome visage.
Louise easily resists.
The orc wizard looks frightened!
Louise casts a spell at you. The bolt of lightning hits you!!!
You die...

#.#.#...#.##.#.≈≈≈≈≈≈#
.
#.#.#......#.≈≈≈≈≈≈≈#
#.#........#.≈≈≈≈≈≈≈#
#..........#..≈≈≈≈≈≈
###........#
.###.#......# ..
..#.#..###.#
...#.#.#..# #.#
##'#...#@.###.#
.......#......#
.......#.####.#
.......#@#
.......).####.#
#######)o.....#
#'#####.# #.........
#.........


You could see Louise and an orc wizard (fleeing).

Vanquished Creatures
  Frances (D:13)
  Azrael (D:13)
  Harold (D:10)
  Erolcha (D:10)
  Josephine (D:12)
  2 hydras
  A two-headed ogre (D:10)
  A centaur warrior (D:14)
  Nergalle (D:12)
  4 skeletal warriors (D:14)
  3 unseen horrors
  Pikel (D:8)
  3 ugly things (D:11)
  A manticore (D:12)
  Maurice (D:13)
  3 gargoyles
  A komodo dragon (D:12)
  2 trolls
  5 hippogriffs
  A hippogriff (shapeshifter) (D:14)
  10 yaks
  3 water elementals
  A wyvern (D:9)
  7 wraiths
  A basilisk (D:9)
  2 fire elementals (D:13)
  A steam dragon (D:13)
  4 vampire mosquitoes
  A water moccasin (D:11)
  4 hell hounds (D:13)
  4 porcupines (D:9)
  3 black bears (D:9)
  5 orc warriors
  3 sky beasts
  13 ice beasts
  4 phantoms
  2 eyes of draining
  9 centaurs
  7 ogres
  4 wolves (D:9)
  6 crocodiles
  A lemure (D:8)
  A big kobold (D:12)
  11 bullfrogs
  A gnoll sergeant (D:11)
  4 scorpions
  13 killer bees
  25 wights
  8 howler monkeys
  8 electric eels
  A centaur zombie (D:5)
  2 bullfrog zombies (D:8)
  4 jellies
  8 hounds
  7 orc priests
  A bullfrog skeleton (D:9)
  4 centaur skeletons
  3 iguanas
  7 worker ants
  15 orc wizards
  2 hound skeletons
  2 worker ant zombies (D:8)
  A howler monkey skeleton (D:11)
  11 adders
  3 gnolls (D:11)
  An ufetubus (D:9)
  6 adder skeletons
  A worm (D:2)
  6 dart slugs
  6 leopard geckos
  36 orcs
  10 giant cockroaches
  6 goblins
  5 hobgoblins
  18 jackals
  11 kobolds
  4 quokkas
  2 ball pythons
  8 bats
  3 frilled lizards
  A leopard gecko skeleton (D:7)
  A leopard gecko zombie (D:5)
  A quokka zombie (D:8)
  4 rats
402 creatures vanquished.

Vanquished Creatures (others)
  An ice beast (D:14)
  An orc (D:11)
  3 bushes (D:9)
  4 fungi (D:9)
  18 plants (D:9)
27 creatures vanquished.

Grand Total: 429 creatures vanquished

Notes
Turn   | Place    | Note
-------+----------+-------------------------------------------
     0 | D:1      | Lugonue the Demigod Earth Elementalist began the quest for
                  | the Orb.
     0 | D:1      | Reached XP level 1. HP: 14/14 MP: 5/5
   630 | D:1      | Reached XP level 2. HP: 18/20 MP: 5/7
  1910 | D:2      | Reached XP level 3. HP: 17/26 MP: 7/9
  2200 | D:2      | Learned a level 2 spell: Passwall
  2631 | D:3      | Reached XP level 4. HP: 29/33 MP: 3/10
  3141 | D:4      | Noticed an ogre
  3163 | D:4      | Killed an ogre
  3163 | D:4      | Reached XP level 5. HP: 15/38 MP: 10/13
  3388 | D:4      | Learned a level 3 spell: Stone Arrow
  3499 | D:4      | Noticed a phantom
  3508 | D:4      | Killed a phantom
  3508 | D:4      | Reached XP level 6. HP: 41/46 MP: 9/15
  4537 | D:5      | Entered Level 5 of the Dungeon
  4551 | D:5      | Reached skill level 1 in Throwing
  4551 | D:5      | Reached skill level 5 in Earth Magic
  4657 | D:5      | Reached skill level 1 in Staves
  4662 | D:5      | Reached XP level 7. HP: 15/51 MP: 10/17
  4908 | D:5      | Found a staircase to the Ecumenical Temple.
  5074 | D:5      | Reached skill level 1 in Fighting
  5074 | D:5      | Reached skill level 1 in Shields
  5327 | D:5      | Found a stormy altar of Qazlal.
  5618 | D:5      | Reached skill level 5 in Spellcasting
  5696 | D:5      | Found a shimmering altar of Xom.
  6150 | D:5      | Reached skill level 1 in Conjurations
  6150 | D:5      | Reached skill level 1 in Transmutations
  6156 | D:5      | Reached XP level 8. HP: 49/59 MP: 5/19
  6162 | D:5      | Learned a level 4 spell: Petrify
  7351 | D:6      | Found a glowing golden altar of the Shining One.
  8263 | D:7      | Noticed a hippogriff
  8273 | D:7      | Killed a hippogriff
  8372 | D:7      | Found a shimmering blue altar of Sif Muna.
  8434 | D:7      | Reached XP level 9. HP: 58/67 MP: 21/21
  8535 | D:7      | Reached skill level 1 in Evocations
  8775 | D:7      | Reached skill level 5 in Stealth
  9248 | D:8      | Learned a level 5 spell: Lee's Rapid Deconstruction
 10032 | D:8      | Noticed Pikel
 10107 | D:8      | Killed Pikel
 10306 | D:8      | Found a basalt altar of Yredelemnul.
 10306 | D:8      | Found a glowing silver altar of Zin.
 10586 | D:8      | Got a steaming leather armour
 10597 | D:8      | Identified the +5 leather armour of Iny Heoz {Rampage rF-
                  | Regen+} (You found it on level 8 of the Dungeon)
 10654 | D:8      | Killed an unseen horror
 10654 | D:8      | Reached skill level 5 in Staves
 10852 | D:8      | Reached XP level 10. HP: 68/74 MP: 12/23
 11422 | D:9      | Found Neoclel's Armour Emporium.
 11428 | D:9      | Reached skill level 1 in Armour
 11457 | D:9      | Bought the +2 pair of boots "Kenat" {Int+3} for 389 gold
                  | pieces
 11471 | D:9      | Found a staircase to the Orcish Mines.
 11708 | D:9      | Found a staircase to the Lair.
 12189 | D:10     | Entered Level 10 of the Dungeon
 12345 | D:10     | Noticed a two-headed ogre
 12365 | D:10     | Killed a two-headed ogre
 12467 | D:10     | Noticed Erolcha
 12498 | D:10     | Reached XP level 11. HP: 60/82 MP: 1/27
 12588 | D:10     | Killed Erolcha
 12873 | D:10     | Noticed Harold
 12899 | D:10     | Killed Harold
 12916 | D:10     | Killed an unseen horror
 13096 | D:10     | Found a stormy altar of Qazlal.
 14742 | D:12     | Noticed a four-headed hydra
 15111 | D:11     | Killed a four-headed hydra
 15255 | D:12     | Noticed Josephine
 15267 | D:12     | Killed Josephine
 15603 | D:12     | Noticed Nergalle
 15613 | D:12     | Reached XP level 12. HP: 71/89 MP: 5/30
 15617 | D:12     | Killed Nergalle
 15617 | D:12     | Reached skill level 5 in Dodging
 16525 | D:12     | Found Oxoenkia's Antique Armour Shoppe.
 16533 | D:12     | Bought a distressingly furry scale mail for 342 gold pieces
 16544 | D:12     | Identified the cursed +1 scale mail "Ibbar" {rC+ MR+++
                  | rCorr Str-4} (You bought it in a shop on level 12 of the
                  | Dungeon)
 16884 | D:13     | Noticed a six-headed hydra
 16889 | D:13     | Killed a six-headed hydra
 16900 | D:13     | Reached skill level 5 in Armour
 17048 | D:13     | Noticed Frances
 17066 | D:13     | Killed Frances
 17250 | D:13     | Noticed Maurice
 17255 | D:13     | Killed Maurice
 17672 | D:13     | Noticed Azrael
 17684 | D:13     | Killed Azrael
 17976 | D:14     | Noticed Louise
 18261 | D:14     | Noticed a centaur warrior
 18274 | D:14     | Killed a centaur warrior
 18646 | D:14     | Reached XP level 13. HP: 95/95 MP: 0/31
 18782 | D:14     | Killed from afar by Louise

Illustrated notes

Levels and vault maps discovered:
D:1:      elethiomel_arrival_infinity_welcomes_careful_drivers, layout_basic
D:2:      cheibrodos_old_hovel, layout_loops_ring
D:3:      layout_basic
D:4:      layout_loops_corners
D:5:      layout_rooms, kennysheep_mini, kennysheep_mini_moat,
          minmay_temple_entry_ruins, gup_sewer_entry_pipe, minmay_puff
D:6:      layout_loops_cross, lemuel_round_altar
D:7:      layout_basic, lemuel_doored_altar, hangedman_abyss_or_decor_stagger
D:8:      cheibrodos_elevator_heist, layout_basic,
          gammafunk_temple_overflow_pools, minmay_diamond_spiral, uniq_pikel
D:9:      layout_basic, minmay_lair_entry_grove, orc_0_dummy, serial_shops,
          shop, kennysheep_generic_room_3
D:10:     layout_long_grid, corexii_checkpoint_a, grunt_qazlal_clouds,
          uniq_erolcha, uniq_harold
D:11:     layout_basic, chequers_serial_rivers_large_a
D:12:     layout_long_grid, serial_shops, shop, uniq_josephine, uniq_nergalle
D:13:     layout_irregular_city, uniq_maurice, uniq_azrael, uniq_frances
D:14:     minmay_twisted_water, layout_basic, david_vaults_2,
          chequers_serial_rivers_small_a, serial_shops,
          nicolae_shop_behind_doors, lemuel_flamethrower_1, uniq_louise

Skill      XL: |  1  2  3  4  5  6  7  8  9 10 11 12 |
---------------+-------------------------------------+-----
Stealth        | 2 4 5 6 |  6.2
Earth Magic    | 3 4 5 6 7 9 |  9.9
Spellcasting   | 2 3 4 5 6 7 9 |  9.8
Dodging        | 2 3 4 5 |  5.1
Throwing       | 1 2 3 |  3.0
Staves         | 1 2 3 5 6 |  6.6
Fighting       | 1 2 3 |  3.5
Shields        | 1 2 3 |  3.1
Conjurations   | 1 2 3 4 |  4.3
Transmutations | 1 2 |  2.9
Evocations     | 1 |  1.5
Armour         | 2 3 9 |  9.0

Action                   |  1- 3 |  4- 6 |  7- 9 | 10-12 | 13-15 || total
-------------------------+-------+-------+-------+-------+-------++-------
Melee: Unarmed           |    14 |       |       |       |       ||    14
       Dagger            |    33 |     3 |       |       |       ||    36
       Staff             |       |    52 |   301 |   381 |       ||   734
Throw: Dart              |       |    17 |    24 |    13 |       ||    54
 Cast: Sandblast         |    58 |    45 |    24 |    62 |       ||   189
       Stone Arrow       |       |     6 |    93 |   120 |       ||   219
       Passwall          |       |       |     2 |       |       ||     2
       Petrify           |       |       |     4 |    31 |       ||    35
       Lee's Rapid Decon |       |       |     2 |   138 |     7 ||   147
Evoke: Wand              |       |     3 |    11 |    12 |     1 ||    27
  Use: Scroll            |     3 |     6 |     9 |     5 |     1 ||    24
       Potion            |       |       |     1 |     1 |       ||     2
 Stab: Petrified         |       |       |     7 |    38 |       ||    45
       Sleeping          |       |       |     5 |     1 |       ||     6
       Distracted        |       |       |     1 |     2 |       ||     3
       Paralysed         |       |       |       |     4 |       ||     4
       Petrifying        |       |       |       |     1 |       ||     1
Armor: Robe              |    20 |    23 |    66 |       |       ||   109
       Leather armour    |       |       |     8 |   168 |       ||   176
       Scale mail        |       |       |       |    44 |     2 ||    46
Dodge: Dodged            |    56 |    41 |   184 |   255 |       ||   536
Block: Buckler           |     4 |    14 |    61 |    89 |       ||   168

Table legend: (Time is in decaauts)
 A = Elapsed time spent in this place.
 B = Non-inter-level travel time spent in this place.
 C = Inter-level travel time spent in this place.
 D = Time resting spent in this place.
 E = Time spent auto-exploring this place.
 F = Levels seen in this place.
 G = Mean time per level.
                   A        B        C        D        E       F      G
               +--------+--------+--------+--------+--------+-----+--------+
         Total |  18850 |  18234 |    616 |   2572 |  11903 |  14 | 1346.4 |
       Dungeon |  18850 |  18234 |    616 |   2572 |  11903 |  14 | 1346.4 |
               +--------+--------+--------+--------+--------+-----+--------+

Top non-repeatable levels by time:
     D:5: 2126 daAuts
     D:8: 2058 daAuts
    D:11: 1990 daAuts
    D:13: 1559 daAuts
     D:1: 1530 daAuts
     D:4: 1416 daAuts
     D:7: 1362 daAuts
    D:10: 1296 daAuts
     D:9: 1146 daAuts
    D:12: 1111 daAuts
     D:2: 1064 daAuts
     D:6: 1037 daAuts
    D:14: 618 daAuts
     D:3: 532 daAuts
